 Dungeon Crawl Stone Soup version 0.21.1-1-g345015f (webtiles) character file.

429 lydgate the Cudgeler (level 6, -5/61 HPs)
             Began as a Troll Fighter on Feb 12, 2018.
             Slain by a hornet (9 damage)
             ... while paralysed by a hornet
             ... on level 4 of the Dungeon.
             The game lasted 00:17:31 (2730 turns).

lydgate the Cudgeler (Troll Fighter)                Turns: 2730, Time: 00:17:33

Health: -5/61      AC:  6    Str: 25    XL:     6   Next: 66%
Magic:  5/5        EV:  1    Int:  4    God:
Gold:   213        SH:  0    Dex: 11    Spells: 5/5 levels left

rFire    . . .     SeeInvis .   v - +0 morningstar
rCold    . . .     Gourm    +   c - +0 shield
rNeg     . . .     Faith    .   b - +0 robe
rPois    .         Spirit   .   (helmet restricted)
rElec    .         Reflect  .   x - +0 cloak
rCorr    .         Harm     .   (gloves unavailable)
MR       .....                  (boots unavailable)
Stlth    +.........             (no amulet)
HPRegen  0.60/turn              (no ring)
MPRegen  0.09/turn              (no ring)

@: paralysed, lethally poisoned (-5 -> -6), slowed
A: large, unfitting armour, claws 3, fast metabolism 3, gourmand, regeneration
1, shaggy fur 1, tough skin 2
a: no special abilities


You were on level 4 of the Dungeon.
You were not hungry.

You visited 1 branch of the dungeon, and saw 4 of its levels.

You collected 213 gold pieces.

Inventory:

Hand Weapons
 r - a +0 blowgun
 u - a +0 giant club
 v - a +0 morningstar (weapon)
Missiles
 n - 71 stones (quivered)
 q - 14 poisoned needles
Armour
 b - a +0 robe (worn)
 c - a +0 shield (worn)
 w - a +0 robe
 x - a +0 cloak (worn)
Wands
 y - a wand of iceblast (6)
Scrolls
 e - 6 scrolls of identify
 g - a scroll of fog {unknown}
 h - 3 scrolls of enchant weapon
 l - a scroll of teleportation {unknown}
 m - a scroll of immolation {unknown}
 o - a scroll of noise {unknown}
 p - a scroll of magic mapping {unknown}
Potions
 a - a potion of mutation {unknown}
 d - 2 potions of might
 i - a potion of ambrosia
 j - a potion of resistance {unknown}
 k - a potion of curing {unknown}
 s - 2 potions of haste {unknown}
 t - a potion of flight {unknown}
Comestibles
 f - 4 rations


   Skills:
 + Level 3.4 Fighting
 + Level 4.2 Maces & Flails
 + Level 0.8 Throwing
 + Level 3.6 Dodging
 - Level 0.5 Stealth
 + Level 3.2 Shields


You had 5 spell levels left.
You didn't know any spells.

Dungeon Overview and Level Annotations

Branches:
Dungeon (4/15)
 Temple: D:4-7

Altars:


Innate Abilities, Weirdness & Mutations

You are too large for most types of armour.
You have claws for hands.
Your metabolism is lightning-fast.
You like to eat raw meat.
Your natural rate of healing is unusually fast.
You are covered in fur. (AC +1)
You have very tough skin. (AC +2)


Message History

You closely miss the hornet.
The hornet is lightly wounded.
The hornet stings you!
You are poisoned.
You feel yourself slow down. The hornet stings you!
You feel as though you will be slow longer.
You closely miss the hornet.
You feel sick.
The hornet stings you but does no damage.
The hornet completely misses you. You block the hornet's attack.
You closely miss the hornet.
You feel yourself speed up.
You feel sick. The hornet stings you!
You suddenly lose the ability to move!
The hornet barely misses you. The hornet stings you!
* * * LOW HITPOINT WARNING * * *
You feel yourself slow down. The hornet stings you!
* * * LOW HITPOINT WARNING * * *
You feel as though you will be slow longer.
The hornet stings you!
You die...

. .. ... #......... ...
......#......... ....
.......#.....(...
..............#.........
..............#.........
..................(....(
................$(.....(
................@y(....(
..................$.####
.....)..............#
.............†.........
.......###..............
.......# #..............
.......# #..............
.......# #..............
.......# ###.........!.


You could see a hornet.

Vanquished Creatures
  An ogre (D:3)
  2 scorpions
  An orc priest (D:3)
  An iguana (D:3)
  2 hound skeletons (D:4)
  7 adders
  An ooze (D:3)
  An adder skeleton (D:4)
  4 worms
  A dart slug (D:1)
  4 leopard geckos
  4 orcs (D:3)
  5 bats
  4 giant cockroaches
  6 goblins
  5 hobgoblins
  13 jackals
  4 frilled lizards
  7 kobolds
  8 rats
81 creatures vanquished.

Notes
Turn   | Place    | Note
-------+----------+-------------------------------------------
     0 | D:1      | lydgate the Troll Fighter began the quest for the Orb.
     0 | D:1      | Reached XP level 1. HP: 22/22 MP: 0/0
    57 | D:1      | Reached XP level 2. HP: 29/29 MP: 1/1
   168 | D:1      | Reached skill level 2 in Maces & Flails
   504 | D:1      | Reached XP level 3. HP: 35/36 MP: 2/2
  1315 | D:3      | Noticed a scorpion
  1332 | D:3      | HP: 2/54 [scorpion (8)]
  1333 | D:3      | Reached XP level 4. HP: 3/44 MP: 3/3
  1481 | D:3      | Reached skill level 3 in Maces & Flails
  1481 | D:3      | Reached XP level 5. HP: 47/53 MP: 4/4
  1691 | D:3      | Noticed an ogre
  1714 | D:3      | Killed an ogre
  1974 | D:3      | Reached XP level 6. HP: 39/61 MP: 5/5
  2194 | D:4      | Reached skill level 4 in Maces & Flails
  2722 | D:4      | Noticed a hornet
  2729 | D:4      | Paralysed by a hornet for 3 turns
  2730 | D:4      | Slain by a hornet

Skill      XL: |  1  2  3  4  5  6 |
---------------+-------------------+-----
Maces & Flails | 2 3 4 |  4.2
Dodging        | 3 |  3.6
Fighting       | 3 |  3.4
Shields        | 3 |  3.2
Throwing       | |  0.8
Stealth        | |  0.5

Action                   |  1- 3 |  4- 6 || total
-------------------------+-------+-------++-------
Melee: Flail             |   131 |    94 ||   225
       Morningstar       |       |    40 ||    40
 Fire: Blowgun           |       |     6 ||     6
Throw: Stone             |     3 |    28 ||    31
  Use: Potion            |     1 |     2 ||     3
       Scroll            |       |     2 ||     2
 Stab: Sleeping          |     1 |     1 ||     2
  Eat: Chunk             |    18 |     9 ||    27
Armor: Robe              |    50 |    52 ||   102
Dodge: Dodged            |    41 |    55 ||    96
Block: Shield            |    71 |    90 ||   161
